 Dungeon Crawl Stone Soup version 0.30-a0-591-g3c58d2bc28 (webtiles) character file.

Game seed: 17380863396081670517

116 Newt the Trooper (level 4, -3/37 HPs)
             Began as a Demonspawn Gladiator on Jan 4, 2023.
             Was a Follower of Okawaru.
             Slain by an iguana (11 damage)
             ... on level 3 of the Dungeon.
             The game lasted 00:01:37 (1814 turns).

Newt the Trooper (Demonspawn Gladiator)             Turns: 1814, Time: 00:01:38

Health: -3/37      AC:  5    Str: 16    XL:     4   Next: 69%
Magic:  4/4        EV: 12    Int:  9    God:    Okawaru [*.....]
Gold:   53         SH:  0    Dex: 15    Spells: 3/3 levels left

rFire   . . .      SeeInvis .    a - +0 rapier
rCold   . . .      Faith    .    (no shield)
rNeg    . . .      Spirit   .    b - +0 leather armour
rPois   .          Reflect  .    c - +0 helmet
rElec   .          Harm     .    s - +0 cloak
rCorr   .          Rampage  .    (no gloves)
Will    .....                    (no boots)
Stlth   ++                       n - amulet of regeneration
HPRegen 1.06/turn                (no ring)
MPRegen 0.18/turn                (no ring)

@: no status effects
A: magic regeneration, sturdy frame 1, demonic touch 1
a: Renounce Religion, Heroism


You were on level 3 of the Dungeon.
You worshipped Okawaru.
Okawaru was aware of your devotion.
You visited 1 branch of the dungeon, and saw 3 of its levels.

You collected 53 gold pieces.

Inventory:

Hand Weapons
 a - a +0 rapier (weapon)
 r - a +4 quarterstaff of chaos
Missiles
 e - a javelin (quivered)
 k - 10 poisoned darts
Armour
 b - a +0 leather armour (worn)
 c - a +0 helmet (worn)
 s - a +0 cloak (worn)
Jewellery
 n - an amulet of regeneration (around neck)
Scrolls
 f - a scroll of fear {unknown}
 i - 4 scrolls of teleportation
 l - a scroll of magic mapping
 o - a scroll of amnesia {unknown}
Potions
 g - a potion of lignification {unknown}
 h - 2 potions of curing {unknown}
 j - a potion of might {unknown}
 m - a potion of resistance {unknown}
 p - 3 potions of haste {unknown}
 q - 2 potions of flight {unknown}


   Skills:
 - Level 4.0 Fighting
 - Level 2.6 Short Blades
 + Level 2.4 Throwing
 - Level 2.6 Dodging
 - Level 2.0 Stealth


You had 3 spell levels left.
You didn't know any spells.
Your spell library contained the following spells:

 Spells                   Type           Power      Damage    Failure   Level
 Ensorcelled Hibernation  Hex/Ice        0%         N/A       54%         2
 Inner Flame              Hex/Fire       0%         N/A       77%         3
 Spider Form              Tmut/Pois      0%         N/A       77%         3
 Anguish                  Hex/Necr       0%         N/A       99%         4
 Cause Fear               Hex            0%         N/A       99%         4
 Discord                  Hex            0%         N/A       100%        8


Dungeon Overview and Level Annotations

Branches:
Dungeon (3/15)

Altars:
Okawaru


Innate Abilities, Weirdness & Mutations

You regenerate magic rapidly.
Your movements are slightly less encumbered by armour. (ER -2)
Your touch may inflict minor irresistible damage on your foes.


Message History

The iguana is moderately wounded.
The iguana closely misses you.
You hit the iguana.
The iguana is moderately wounded.
The iguana bites you!
You hit the iguana but do no damage.
The iguana is moderately wounded.
The iguana bites you!
You are too injured to fight recklessly!
You are too injured to fight recklessly!
You are too injured to fight recklessly!
You are too injured to fight recklessly!
Throw: 2 throwing nets
Press: ? - help, Q - select action, (/) - cycle Shift-Dir - straight line, f - iguana
Aim: an iguana (moderately wounded, 65% to hit)
You throw a throwing net.
The throwing net barely misses the iguana.
The iguana bites you!
* * * LOW HITPOINT WARNING * * *
Throw: throwing net
Press: ? - help, Q - select action, (/) - cycle Shift-Dir - straight line, f/p - iguana
Aim: an iguana (moderately wounded, 65% to hit)
You throw a throwing net.
The throwing net barely misses the iguana.
The iguana misses you.
You hit the iguana. Your touch misses the iguana.
The iguana is heavily wounded.
The iguana completely misses you.
You hit the iguana but do no damage.
The iguana is heavily wounded.
The iguana bites you.
* * * LOW HITPOINT WARNING * * *
Throw: 11 darts (poison)
Press: ? - help, Shift-Dir - straight line, f/p - iguana
Aim: an iguana (heavily wounded, 65% to hit)
You throw a poisoned dart. The poisoned dart hits the iguana.
The iguana is poisoned.
The iguana is heavily wounded.
The iguana bites you!
You die...

##..........###
#######.##...#
#..###.###
##..##...##
#.####..# #..
##=# #..# #.#
#...#.##.###
#..@.....#
##.l.....#
##......#
#........
.......##
.......#
#........
.((....##


You could see an iguana (poisoned).

Vanquished Creatures
  Crazy Yiuf (D:2)
  Jessica (D:2)
  An adder (D:3)
  A worm (D:2)
  3 dart slugs (D:2)
  4 ball pythons
  4 bats
  3 endoplasms
  4 giant cockroaches
  2 goblins
  6 hobgoblins
  4 jackals (D:1)
  A quokka (D:2)
  2 frilled lizards
  A kobold (D:1)
  2 rats (D:2)
40 creatures vanquished.

Notes
Turn   | Place    | Note
-------+----------+-------------------------------------------
     0 | D:1      | Newt the Demonspawn Gladiator began the quest for the Orb.
     0 | D:1      | Reached XP level 1. HP: 16/16 MP: 1/1
   125 | D:1      | Reached skill level 1 in Stealth
   407 | D:1      | Gained mutation: Your touch may inflict minor irresistible
                  | damage on your foes. [demonic ancestry]
   407 | D:1      | Reached XP level 2. HP: 12/22 MP: 2/2
   897 | D:2      | Found a faded altar of an unknown god.
   921 | D:2      | Prayed at the altar of an unknown god.
   921 | D:2      | Became a worshipper of Warmaster Okawaru
   921 | D:2      | Reached * piety under Okawaru
   937 | D:2      | Gained mutation: Your movements are slightly less
                  | encumbered by armour. (ER -2) [demonic ancestry]
   937 | D:2      | Reached XP level 3. HP: 25/28 MP: 3/3
  1027 | D:2      | Reached skill level 3 in Fighting
  1123 | D:2      | Noticed Jessica
  1127 | D:2      | Killed Jessica
  1128 | D:2      | Gained mutation: You regenerate magic rapidly. [demonic
                  | ancestry]
  1128 | D:2      | Reached XP level 4. HP: 37/37 MP: 4/4
  1272 | D:2      | Found a runed translucent door.
  1273 | D:2      | Noticed Crazy Yiuf
  1662 | D:2      | Killed Crazy Yiuf
  1663 | D:2      | Reached skill level 4 in Fighting
  1814 | D:3      | Slain by an iguana

Illustrated notes

Levels and vault maps discovered:
D:1:      evilmike_arrival_crescent, layout_loops_corners
D:2:      layout_loops_ring, hellmonk_ecumenical_altar_crossroads, uniq_jessica,
          uniq_crazy_yiuf_cottage
D:3:      layout_rooms, serial_bayou_pond_b, minmay_misc_feat_iff,
          minmay_liquid_box

Skill      XL: |  1  2  3  4 |
---------------+-------------+-----
Stealth        | 1 2 |  2.0
Fighting       | 3 4 |  4.0
Throwing       | 2 |  2.4
Short Blades   | |  2.6
Dodging        | |  2.6

Action                   |  1- 3 |  4- 6 || total
-------------------------+-------+-------++-------
Melee: Rapier            |    99 |    24 ||   123
       Touch             |     9 |     4 ||    13
       Punch             |       |     1 ||     1
Throw: Throwing net      |       |     4 ||     4
       Dart              |       |     1 ||     1
  Use: Scroll            |     2 |       ||     2
 Stab: Sleeping          |     4 |     3 ||     7
Armor: Leather armour    |    37 |     3 ||    40
Dodge: Dodged            |    86 |    11 ||    97

Table legend: (Time is in decaauts)
 A = Elapsed time spent in this place.
 B = Non-inter-level travel time spent in this place.
 C = Inter-level travel time spent in this place.
 D = Time resting spent in this place.
 E = Time spent auto-exploring this place.
 F = Levels seen in this place.
 G = Mean time per level.
                   A        B        C        D        E       F      G
               +--------+--------+--------+--------+--------+-----+--------+
         Total |   1822 |   1722 |    100 |      0 |   1412 |   3 |  607.3 |
       Dungeon |   1822 |   1722 |    100 |      0 |   1412 |   3 |  607.3 |
               +--------+--------+--------+--------+--------+-----+--------+

Top non-repeatable levels by time:
     D:1: 900 daAuts
     D:2: 860 daAuts
     D:3: 61 daAuts
